AoeStats
← Erickinio

Arena

510041896Analyzed
4v4 RM · 2d ago on Sep 29, 2026· 47m 49s· 8 players
Game mode
Random Map
Map size
Large (8 player)
Population
200
Speed
Normal
Resources
Standard
Victory
Conquest
Starting age
Dark Age
Ending age
Imperial Age
RankedLock teamsTeams togetherTeam positionsShared explorationLock speedFull tech treeHidden civsTurbo modeCheats
Victory
Defeat
🇲🇽 Varangians · Mexico
1002
+15
🇵🇪 Vietnamese · Peru
993
+15
🇨🇳 Khmer · China
963
+17
🇺🇸 Byzantines · United States
949
+17
🇳🇿 Dravidians · New Zealand
996
-17
🇳🇿 Magyars · New Zealand
982
-16
🇦🇷 Celts · Argentina
964
-16
🇨🇳 Bohemians · China
962
-15
Huldron
7:17 Loom
11:35 Feudal Age
13:32 Double-Bit Axe
13:31 Horse Collar
16:03 Castle Age
23:45 Bow Saw
24:10 Corvinian Army
25:27 Heavy Plow
26:57 Wheelbarrow
27:35 Town Watch
28:10 Hand Cart
28:23 Scale Barding Armor
29:24 Caravan
30:19 Gold Mining
30:20 Stone Mining
31:40 Chain Barding Armor
37:37 Imperial Age
34:58 Town Watch
36:23 Town Patrol
36:18 Fletching
38:57 Conscription
39:23 Plate Barding Armor
39:23 Crop Rotation
39:54 Two-Man Saw
38:41 Elite Magyar Huszar
39:42 Husbandry
39:53 Bloodlines
永不投降嘻嘻
10:44 Feudal Age
14:44 Castle Age
13:15 Double-Bit Axe
13:41 Horse Collar
18:55 Bow Saw
20:42 Heavy Plow
26:00 Loom
28:55 Imperial Age
28:40 Chemistry
28:36 Fletching
28:57 Forging
28:48 Scale Mail Armor
29:36 Wheelbarrow
30:16 Bodkin Arrow
30:10 Pikeman
31:59 Halberdier
32:56 Chain Mail Armor
33:17 Iron Casting
32:43 Bracer
32:49 Guard Tower
33:19 Siege Engineers
35:44 Wagenburg Tactics
38:01 Plate Mail Armor
38:32 Blast Furnace
38:57 Keep
38:42 Ballistics
39:12 Elite Skirmisher
39:54 Padded Archer Armor
43:56 Murder Holes
43:47 Arrowslits
44:28 Fortified Wall
chichimp
0:27 Loom
10:42 Feudal Age
15:00 Castle Age
13:19 Horse Collar
13:30 Double-Bit Axe
16:46 Town Watch
18:34 Fletching
18:52 Loom
20:54 Wheelbarrow
22:13 Bow Saw
21:28 Crossbowman
23:09 Bodkin Arrow
25:10 Hand Cart
30:44 Imperial Age
28:37 Padded Archer Armor
28:51 Gold Mining
29:10 Thumb Ring
30:14 Ballistics
31:27 Scale Mail Armor
31:37 Forging
30:50 Pikeman
31:35 Bracer
32:44 Chemistry
32:37 Leather Archer Armor
32:35 Arbalester
32:59 Elite Skirmisher
33:47 Halberdier
34:25 Siege Elephant
36:34 Ring Archer Armor
37:40 Chain Mail Armor
Erickinio
10:55 Feudal Age
11:47 Man-at-Arms
12:37 Double-Bit Axe
12:42 Arson
14:57 Forging
15:25 Scale Mail Armor
15:49 Loom
21:21 Wheelbarrow
25:18 Castle Age
24:30 Stone Mining
24:32 Gold Mining
24:51 Horse Collar
27:11 Iron Casting
26:53 Chain Mail Armor
27:34 Pikeman
28:29 Gambesons
32:15 Bow Saw
33:27 Masonry
33:30 Heavy Plow
33:30 Murder Holes
35:39 Hand Cart
36:00 Town Watch
38:10 Stronghold
38:21 Long Swordsman
43:20 Imperial Age
41:10 Town Patrol
42:20 Ballistics
42:10 Fortified Wall
44:07 Gold Shaft Mining
44:08 Stone Shaft Mining
43:23 Halberdier
45:25 Conscription
47:46 Blast Furnace
47:16 Plate Mail Armor
48:43 Chemistry
SIR DAGGY
10:13 Feudal Age
11:36 Double-Bit Axe
17:36 Castle Age
16:10 Horse Collar
17:09 Stone Mining
18:03 Loom
18:54 Wheelbarrow
19:18 Stone Shaft Mining
20:30 Bow Saw
21:30 Fortified Wall
23:03 Heavy Plow
26:34 Hand Cart
26:41 Treadmill Crane
31:12 Imperial Age
28:46 Gold Mining
29:06 Fletching
29:16 Padded Archer Armor
30:53 Scale Barding Armor
30:59 Forging
32:08 Bodkin Arrow
32:30 Pikeman
33:11 Squires
33:52 Scale Mail Armor
34:28 Iron Casting
33:55 Halberdier
34:43 Elite Skirmisher
35:56 Thumb Ring
36:20 Bracer
36:30 Arson
37:38 Imperial Skirmisher
39:09 Leather Archer Armor
39:10 Chain Mail Armor
40:29 Ballistics
41:09 Chemistry
46:13 Murder Holes
47:46 Ring Archer Armor
Guli
10:46 Feudal Age
11:16 Feudal Age
15:19 Castle Age
14:03 Horse Collar
14:11 Double-Bit Axe
18:22 Heavy Plow
19:01 Bow Saw
25:19 Gold Mining
25:20 Stone Mining
26:23 Wheelbarrow
28:33 Hand Cart
30:58 Stone Shaft Mining
30:18 Fletching
30:28 Padded Archer Armor
33:37 Imperial Age
30:53 Loom
30:53 Town Watch
31:29 Bodkin Arrow
31:49 Fortified Wall
31:59 Ballistics
31:51 Masonry
31:21 Treadmill Crane
31:39 Murder Holes
32:01 Leather Archer Armor
32:50 Thumb Ring
33:41 Elite Rattan Archer
34:23 Bracer
34:06 Elite Rattan Archer
35:09 Paper Money
35:21 Ring Archer Armor
35:57 Chemistry
35:58 Hoardings
36:29 Two-Man Saw
36:06 Crop Rotation
36:49 Siege Engineers
37:18 Guilds
37:08 Caravan
SgtPepper1664
5:15 Loom
11:37 Feudal Age
12:23 Double-Bit Axe
15:15 Castle Age
14:40 Gold Mining
14:35 Horse Collar
16:57 Bloodlines
17:28 Bow Saw
23:41 Fervor
25:03 Heavy Plow
30:21 Imperial Age
27:48 Light Cavalry
30:10 Scale Barding Armor
30:16 Forging
29:59 Fletching
31:14 Chain Barding Armor
30:28 Cavalier
31:12 Husbandry
32:36 Two-Man Saw
31:40 Stone Mining
33:15 Crop Rotation
32:47 Town Watch
33:56 Iron Casting
34:53 Plate Barding Armor
34:53 Treadmill Crane
35:40 Capped Ram
37:20 Wheelbarrow
36:46 Town Patrol
36:50 Hussar
40:14 Siege Ram
40:58 Vendel Legacy
42:03 Conscription
43:35 Blast Furnace
猪头
11:15 Feudal Age
14:13 Castle Age
12:17 Horse Collar
12:23 Double-Bit Axe
15:37 Bow Saw
16:07 Heavy Plow
17:51 Loom
24:05 Wheelbarrow
27:50 Imperial Age
26:16 Gold Mining
26:17 Stone Mining
29:28 Conscription
30:08 Ballistics
29:55 Scale Barding Armor
29:12 Elite Ballista Elephant
32:01 Chemistry
31:34 Chain Barding Armor
31:55 Gold Shaft Mining
33:53 Plate Barding Armor
33:33 Masonry
35:16 Siege Engineers
35:55 Bloodlines
35:46 Husbandry
36:13 Double Crossbow
37:24 Light Cavalry
38:13 Hussar
40:08 Forging
41:32 Heavy Scorpion
43:11 Iron Casting
44:53 Blast Furnace
47:18 Capped Ram
Connection lost

Rejoining the realm…

Still unreachable

The connection could not be restored.

Session expired

The server has moved on; the page needs a fresh start.